 Dungeon Crawl Stone Soup version 0.26.1-11-gd32895ea62 (webtiles) character file.

Game seed: 13335290676807635216

264 vvl the Insei (level 6, -8/39 HPs)
             Began as an Octopode Transmuter on June 3, 2021.
             Mangled by vvl's ghost (13 damage)
             ... on level 4 of the Dungeon.
             The game lasted 00:10:52 (4981 turns).

vvl the Insei (Octopode Transmuter)                 Turns: 4981, Time: 00:10:52

Health: -8/39      AC:  1    Str: 12    XL:     6   Next: 19%
Magic:  10/10      EV: 14    Int: 15    God:
Gold:   8          SH:  0    Dex: 12    Spells: 9/10 levels left

rFire    + . .     SeeInvis .     - Unarmed
rCold    x . .     Faith    .   (no shield)
rNeg     . . .     Spirit   .   (helmet currently unavailable)
rPois    .         Reflect  .   (no amulet)
rElec    .         Harm     .   (no ring)
rCorr    .         Rampage  .   n - ring of fire
Will     .....                  (no ring)
Stlth    ++........             (no ring)
HPRegen  0.13/turn              (no ring)
MPRegen  0.12/turn              (no ring)
                                (no ring)
                                (no ring)

@: appendages (expiring)
A: almost no armour, stealthy swim, amphibious, 8 rings, constrict 8, tentacle
spike 3, camouflage 1, gelatinous body 1
a: End Transformation


You were on level 4 of the Dungeon.
One of your tentacles had a temporary spike.
You visited 1 branch of the dungeon, and saw 4 of its levels.

You collected 151 gold pieces.
You spent 143 gold pieces at shops.

Inventory:

Missiles
 i - 7 javelins
Jewellery
 n - a ring of fire (right tentacle)
Wands
 o - a wand of random effects (23)
Scrolls
 c - 2 scrolls of teleportation
 d - 3 scrolls of magic mapping
 e - a scroll of fog {unknown}
 f - a scroll of enchant armour {unknown}
 h - 2 scrolls of remove curse
 j - a scroll of noise {unknown}
 l - 2 scrolls of fear {unknown}
 p - a scroll of immolation {unknown}
Potions
 a - 3 potions of lignification
 b - a potion of degeneration
 g - a potion of haste
 k - a potion of might {unknown}
 m - a potion of berserk rage {unknown}
 q - a potion of curing


   Skills:
 + Level 2.2 Fighting
 + Level 3.0 Dodging
 * Level 4.2 Unarmed Combat
 + Level 2.9 Spellcasting
 * Level 3.7 Transmutations


You had 9 spell levels left.
You knew the following spells:

 Your Spells              Type           Power        Failure   Level
a - Beastly Appendage     Tmut           26%          4%          1

Your spell library contained the following spells:

 Spells                   Type           Power        Failure   Level
 Wereblood                Tmut           13%          7%          2
 Spider Form              Tmut/Pois      3%           28%         3
 Ice Form                 Ice/Tmut       7%           67%         4
 Blade Hands              Tmut           6%           77%         5


Dungeon Overview and Level Annotations

Branches:
Dungeon (4/15)
 Temple: D:4-7

Altars:

Shops:
D:4 !

Annotations:
D:4 Sigmund; vvl's ghost, amateur OgBe


Innate Abilities, Weirdness & Mutations

You cannot wear most types of armour.
You are very stealthy in the water. (Stealth+)
You are amphibious.
You can wear up to eight rings at the same time.
You can use your tentacles to constrict eight enemies at once.
Your skin changes colour to match your surroundings (Stealth+).
Your rubbery body absorbs attacks. (AC +1, EV +1)
One of your tentacles bears a large vicious spike.


Message History

Vvl's ghost hits you.
* * * LOW HITPOINT WARNING * * *
You tentacle-slap vvl's ghost but do no damage.
You pierce vvl's ghost, but do no damage.
Vvl's ghost is heavily damaged.
Vvl's ghost completely misses you.
You tentacle-slap vvl's ghost.
Your tentacle spike misses vvl's ghost.
Vvl's ghost is heavily damaged.
Vvl's ghost barely misses you.
You barely miss vvl's ghost.
Vvl's ghost is heavily damaged.
Vvl's ghost hits you.
* * * LOW HITPOINT WARNING * * *
You tentacle-slap vvl's ghost.
Vvl's ghost is severely damaged.
Vvl's ghost barely misses you.
You tentacle-slap vvl's ghost.
You pierce vvl's ghost.
Vvl's ghost is severely damaged.
Vvl's ghost hits you!
You die...

##...^.....# #..........,*#......
#..##...#####..........,*#..##..
##..###..# #.†.......#,,....**##
#..∩.##.######........####...,,*
##..(..................#*##..,,*
....#..#.##.............* ##,,***
....##.#####............*****,,,,
..####†#*#######.......#**,,,,,,,
#......#*≈)≈≈≈≈W@......#*,,,,,,,,
###....#########..###...,,,,,,,,,
#......#=.........#*,..,,,,,,,,,
##....##......##....,*#**,,***,,
#.##.....#.###*....#** *,,**,,,
#.,#.....#.#***#..##,***,,,*,,,
#..........<.***...,,,,,,,,,,,,
*#........>....**....,,,***,,,,,
#...#..........,,,,,,,,***,,,,,,


You could see vvl's ghost.

Vanquished Creatures
  A bullfrog zombie (D:3)
  A worker ant (D:4)
  Robin (D:2)
  3 gnolls (D:3)
  5 adders
  A white imp (D:3)
  3 worms
  2 dart slugs
  5 leopard geckos
  5 orcs (D:3)
  11 bats
  3 giant cockroaches
  14 hobgoblins
  7 jackals
  5 kobolds
  A quokka (D:4)
  3 frilled lizards
  17 goblins
  8 rats
96 creatures vanquished.

Notes
Turn   | Place    | Note
-------+----------+-------------------------------------------
     0 | D:1      | vvl the Octopode Transmuter began the quest for the Orb.
     0 | D:1      | Reached XP level 1. HP: 13/13 MP: 3/3
    97 | D:1      | Reached XP level 2. HP: 2/18 MP: 5/5
   702 | D:1      | Reached XP level 3. HP: 22/23 MP: 6/6
  1363 | D:2      | Noticed Robin
  1369 | D:2      | Killed Robin
  1370 | D:2      | Reached XP level 4. HP: 18/28 MP: 7/7
  2733 | D:3      | Reached XP level 5. HP: 17/34 MP: 6/8
  2897 | D:3      | Reached skill level 4 in Unarmed Combat
  2935 | D:3      | HP: 1/34 [gnoll/+0 spear (9)]
  4778 | D:4      | Noticed Sigmund
  4794 | D:4      | Found a runed translucent door.
  4801 | D:4      | Found Yskeasiy's Distillery.
  4848 | D:4      | Reached XP level 6. HP: 33/39 MP: 10/10
  4890 | D:4      | Bought a potion of haste for 110 gold pieces
  4890 | D:4      | Bought a potion of curing for 33 gold pieces
  4960 | D:4      | Noticed vvl's ghost (amateur OgBe)
  4981 | D:4      | Mangled by vvl's ghost

Illustrated notes

Levels and vault maps discovered:
D:1:      minmay_arrival_widening_spiral_wide, layout_loops_ring, nrook_uturn
D:2:      layout_loops_corners, dk_noncrumbling_3, uniq_robin
D:3:      layout_loops_ring
D:4:      layout_cave_pools, serial_shops, shop, ebering_ghost_sewer_d,
          uniq_sigmund

Skill      XL: |  1  2  3  4  5 |
---------------+----------------+-----
Transmutations | 3 |  3.7
Unarmed Combat | 4 |  4.2
Fighting       | 2 |  2.2
Dodging        | 3 |  3.0
Spellcasting   | |  2.9

Action                   |  1- 3 |  4- 6 || total
-------------------------+-------+-------++-------
Melee: Unarmed           |    89 |   135 ||   224
       Constrict         |    28 |    35 ||    63
       Kick              |     8 |    14 ||    22
       Tentacles         |    14 |    34 ||    48
       Punch             |     3 |     4 ||     7
 Cast: Beastly Appendage |     3 |     6 ||     9
  Use: Scroll            |       |     6 ||     6
 Stab: Sleeping          |     3 |     5 ||     8
Armor: Skin              |     4 |     9 ||    13
Dodge: Dodged            |    57 |    96 ||   153
